Map: Cactus Valley LE (Void)

Players

mrllr

  • Race: Protoss Protoss
  • League: Diamond
  • Spawn Location: 5:00

Musumeci - Winner!

  • Race: Zerg Zerg
  • League: Diamond
  • Spawn Location: 11:00

VOD

Have the link to the VOD?

Description

Time

  • Played on: Feb. 9, 2017, 3:24 p.m.
  • Length: 5:52
Show
View Real Time Build Order
Export as new Build Order

mrllr Protoss 

Build Orders: 1 Gate Expand, Double Forge 

Get SALT Encoding   

  12  0:01  Probe (Chrono Boost)  
  13  0:12  Probe (Chrono Boost)  
  14  0:21  Pylon  
  14  0:23  Probe (Chrono Boost)  
  15  0:40  Probe (Chrono Boost)  
  15  0:42  Gateway  
  16  0:50  Probe (Chrono Boost)  
  16  0:51  Assimilator  
  17  1:01  Probe (Chrono Boost)  
  18  1:11  Probe (Chrono Boost)  
  19  1:25  Nexus  
  19  1:34  Cybernetics Core  
  19  1:37  Zealot  
  21  1:54  Pylon  
  21  1:58  Probe (Chrono Boost)  
  22  2:03  Assimilator  
  22  2:13  Forge  
  22  2:25  Pylon  
  22  2:33  Adept  
  26  2:40  Mothership Core (Chrono Boost)  
  26  2:45  Probe (Chrono Boost)  
  27  2:56  Adept  
  27  3:00  Probe (Chrono Boost)  
  28  3:14  Pylon  
  28  3:16  Probe (Chrono Boost)  
  29  3:23  Probe (Chrono Boost)  
  31  3:28  Probe (Chrono Boost)  
  31  3:30  Adept  
  31  3:33  Probe (Chrono Boost)  
  34  3:37  Forge  
  34  3:40  Probe (Chrono Boost)  
  35  3:53  Probe (Chrono Boost)  
  35  3:55  Probe (Chrono Boost)  
  33  4:04  Probe (Chrono Boost)  
  26  4:10  Probe (Chrono Boost)  
  26  4:14  Probe (Chrono Boost)  
  26  4:16  Photon Cannon  
  20  4:30  Adept  
  20  4:49  Mothership Core (Chrono Boost)  
  20  5:05  Photon Cannon  
  20  5:15  Pylon  
  20  5:33  Pylon  
  18  5:40  Pylon  
Show
View Real Time Build Order
Export as new Build Order

Musumeci Zerg - Winner!

Build Orders: Pool First 

Get SALT Encoding   

  12  0:01  Drone  
  13  0:11  Drone  
  14  0:15  Extractor  
  14  0:16  Drone  
  15  0:34  Spawning Pool  
  14  0:39  Extractor  
  14  0:40  Drone  
  15  0:46  Overlord  
  15  1:20  Zergling x6  
  18  1:32  Hatchery  
  17  1:51  Hatchery  
  17  2:01  Zergling x4  
  17  2:05  Zergling x2  
  19  2:17  Zergling x2  
  18  2:40  Zergling x4  
  19  2:44  Zergling x2  
  19  2:45  Queen  
  22  3:00  Zergling x2  
  21  3:11  Zergling x2  
  21  3:13  Queen  
  21  3:14  Zergling x2  
  23  3:28  Zergling x4  
  24  3:37  Zergling x6  
  24  3:40  Zergling x2  
  25  3:44  Zergling x2  
  26  3:49  Zergling x2  
  22  4:04  Zergling x2  
  22  4:10  Zergling x2  
  22  4:11  Zergling x4  
  22  4:16  Zergling x2  
  22  4:17  Zergling x4  
  24  4:29  Zergling x2  
  23  4:40  Zergling x2  
  23  4:42  Queen  
  21  4:57  Zergling x2  
  21  5:14  Zergling x4  
  20  5:16  Zergling x6  
  26  5:29  Zergling x2  
  26  5:31  Zergling x2  
Tags
 
Add a new tag
Caveats
  • Supply blocks, unpowered buildings, or Contaminate may cause inaccurate times.
  • Supply counts are checked every 10 seconds.